 Dungeon Crawl Stone Soup version 0.16.2-12-gd0ad4c3 (webtiles) character file.

77030 schauveau the Geomancer (level 15, -1/92 HPs)
             Began as a Gargoyle Earth Elementalist on Oct 30, 2015.
             Was a High Priest of Vehumet.
             Killed by divine providence
             ... invoked by Saint Roka
              (10 damage)
             ... on level 3 of the Orcish Mines.
             The game lasted 03:29:38 (38135 turns).

schauveau the Geomancer (GrEE)                     Turns: 38135, Time: 03:29:38

Health: -1/92      AC: 33    Str: 16    XL:     15   Next: 55%
Magic:  1/34       EV: 17    Int: 21    God:    Vehumet [*****.]
Gold:   2775       SH:  0    Dex: 10    Spells: 8 memorised, 9 levels left

rFire  . . .     SeeInvis .     a - +2 morningstar
rCold  . . .     Clarity  .     N - +2 robe {MR+}
rNeg   + . .     SustAb   .     (no shield)
rPois  ∞         Gourm    .     A - +2 helmet
rElec  +         Spirit   .     K - +2 cloak
rCorr  .         Warding  .     l - +1 pair of gloves {Str+3}
rMut   .         Stasis   .     w - +0 pair of boots
MR     ++...                    y - amulet of rage
Stlth  ++........               m - ring of Robustness {AC+8}
                                Q - +4 ring of evasion

@: flying, very resistant to hostile enchantments, unstealthy
A: able to fly continuously, big wings, negative energy resistance 1,
electricity resistance, unbreathing, petrification resistance, rot immunity, AC
+11
a: Stop Flying, Renounce Religion, Evoke Berserk Rage


You were on level 3 of the Orcish Mines.
You worshipped Vehumet.
Vehumet was extremely pleased with you.
You were hungry.

You visited 4 branches of the dungeon, and saw 24 of its levels.
You also visited: Ice Cave.

You collected 2775 gold pieces.

Inventory:

Hand weapons
 a - a +2 morningstar (weapon)
 b - a +3 rapier of speed
 p - the +7 blowgun of Darkness {speed, rPois rN+ Str-5 Int+7 SInv}
   (You found it on level 7 of the Lair of Beasts)

   Attacks with this weapon are significantly faster.
   It affects your strength (-5).
   It affects your intelligence (+7).
   It protects you from poison.
   It protects you from negative energy.
   It enhances your eyesight.
 O - a +1 whip of electrocution
Missiles
 h - 176 stones
 H - 10 javelins (quivered)
 Z - 8 curare-tipped needles
Armour
 l - a +1 pair of gloves of strength (worn)
 w - a +0 pair of boots (worn)
 A - a +2 helmet (worn)
 I - a +2 robe of fire resistance
 K - a +2 cloak (worn)
 N - a +2 robe of magic resistance (worn)
Jewellery
 j - an uncursed ring of sustain abilities
 m - the ring of Robustness (right hand) {AC+8}
   (You found it in an ice cave)

   [ring of protection]

   It affects your AC (+8).
 t - an uncursed amulet of stasis
 u - an uncursed ring of see invisible
 y - an amulet of rage (around neck)
 Q - a +4 ring of evasion (left hand)
Magical devices
 r - a wand of invisibility (1)
 J - a wand of paralysis (19)
 L - a wand of flame (15)
 S - a wand of fireball (6)
Scrolls
 e - a scroll of magic mapping
 f - 5 scrolls of teleportation
 G - 2 scrolls of remove curse
Potions
 c - 2 potions of invisibility
 k - 13 potions of curing
 n - 2 potions of might
 q - 2 potions of haste
 s - 3 potions of cancellation
 x - 3 potions of resistance
Books
 d - a book of Geomancy

   Spells                             Type                      Level
   a - Sandblast                      Earth                        1
   b - Stoneskin                      Transmutation/Earth          2
   c - Passwall                       Transmutation/Earth          3
   d - Stone Arrow                    Conjuration/Earth            3
   e - Petrify                        Transmutation/Earth          4
   f - Lee's Rapid Deconstruction     Earth                        5
 o - a book of Flames

   Spells                             Type                      Level
   a - Flame Tongue                   Conjuration/Fire             1
   b - Throw Flame                    Conjuration/Fire             2
   c - Conjure Flame                  Conjuration/Fire             3
   d - Inner Flame                    Hexes/Fire                   3
   e - Sticky Flame                   Conjuration/Fire             4
   f - Fireball                       Conjuration/Fire             5
 F - a book of Alchemy

   Spells                             Type                      Level
   a - Sublimation of Blood           Necromancy                   2
   b - Alistair's Intoxication        Transmutation/Poison         4
   c - Condensation Shield            Ice                          4
   d - Petrify                        Transmutation/Earth          4
   e - Ignite Poison                  Fire/Transmutation           5
   f - Irradiate                      Conjuration/Transmutation    5
 R - a book of the Dragon

   Spells                             Type                      Level
   a - Flight                         Charms/Air                   3
   b - Cause Fear                     Hexes                        4
   c - Bolt of Fire                   Conjuration/Fire             6
   d - Dragon Form                    Transmutation                7
   e - Dragon's Call                  Summoning                    9
 Y - a book of Spatial Translocations

   Spells                             Type                      Level
   a - Apportation                    Translocation                1
   b - Blink                          Translocation                2
   c - Shroud of Golubria             Charms/Translocation         2
   d - Portal Projectile              Translocation                3
   e - Teleport Other                 Translocation                3
   f - Passage of Golubria            Translocation                4
Comestibles
 g - 4 chunks of flesh
 E - 14 fruits


   Skills:
 + Level 9.8 Fighting
 + Level 8.7 Maces & Flails
 - Level 4.3 Armour
 + Level 4.0 Dodging
 - Level 2.1 Stealth
 * Level 11.2 Spellcasting
 + Level 10.1 Conjurations
 + Level 3.2 Transmutations
 + Level 11.7 Fire Magic
 + Level 14.6 Earth Magic
 - Level 5.4 Evocations


You had 9 spell levels left.
You knew the following spells:

 Your Spells              Type           Power        Failure   Level  Hunger
a - Stone Arrow           Conj/Erth      ######       1%          3    None
b - Lee's Rapid Deconstr  Erth           ######....   1%          5    ####...
c - Sandblast             Erth           ######       0%          1    None
d - Flame Tongue          Conj/Fire      #####        1%          1    None
e - Sticky Flame          Conj/Fire      ######..     1%          4    #......
f - Bolt of Magma         Conj/Fire/Erth ######....   1%          5    ####...
g - Conjure Flame         Conj/Fire      ######..     1%          3    None
h - Ignite Poison         Fire/Trmt      #####.....   2%          5    ####...


Dungeon Overview and Level Annotations

Branches:
Dungeon (11/15)            Temple (1/1) D:6            Lair (8/8) D:10
  Swamp (0/5) Lair:3       Spider (0/5) Lair:6        Slime (0/6) Lair:7
    Orc (4/4) D:10            Elf (0/3) Orc:3

Altars:
Ashenzari
Cheibriados
Elyvilon
Fedhas
Gozag
Kikubaaqudgha
Makhleb
Nemelex Xobeh
Okawaru
Qazlal
Ru
Sif Muna
Vehumet
Yredelemnul
Zin
The Shining One
Jiyva

Portals:
Hell: Lair:8

Annotations:
D:5 Duvessa
Orc:3 Saint Roka


Innate Abilities, Weirdness & Mutations

You are resistant to torment.
You are immune to poison.
You can fly continuously.
Your stone body is very resilient (AC +11).
Your wings are large and strong.
You resist negative energy.
You are resistant to electric shocks.
You can survive without breathing.
You are immune to petrification.
You are immune to rotting.


Message History

Saint Roka is almost dead.
Saint Roka hits you but does no damage.
Saint Roka calls down the wrath of Beogh upon you.
Something smites you!
* * * LOW HITPOINT WARNING * * *
Evoke which item? (* to show all) (? for menu, Esc to quit)
Zapping:
L - a wand of flame (16)
Press: ? - help, Shift-Dir - straight line, f/p - Saint Roka
Aim: Saint Roka, wielding a war axe of freezing and wearing a chain mail (almost dead)
The puff of flame hits Saint Roka.
Saint Roka appears unharmed.
Saint Roka is almost dead.
This wand has 15 charges left.
Saint Roka invokes the aid of Beogh against you.
Something smites you!
* * * LOW HITPOINT WARNING * * *
Drink which item? (? for menu, Esc to quit)
You feel better.
Saint Roka mumbles some strange prayers to Beogh against you.
Something smites you!
You die...

...###...........##
...#............[.#
.................##
.................#
.[)...).).[....[(##
.#.....).....#.[><#
#......)<.....).o##
.....#...(........#
......#.........@.#
..#..........>....#
.#...............##
.##...............#
..##.[...).......##
..#)[..))........##
....).............#
#................##
##<...)...........#


You could see Saint Roka.

Vanquished Creatures
  2 dire elephants (Lair:8)
  Snorg (Lair:2)
  8 hydras
  Erica (Lair:6)
  13 death yaks
  Urug (Orc:4)
  A deep elf knight (Orc:3)
  An unseen horror (D:10)
  A hell beast (Lair:8)
  3 orc knights
  Erolcha (D:10)
  A swamp dragon (Lair:8)
  3 ice statues (IceCv)
  Pikel (D:6)
  A wizard (Lair:8)
  An orc sorcerer (Orc:1)
  15 elephants
  2 griffons
  A gargoyle (D:10)
  5 orange demons (Lair:8)
  4 black mambas
  Psyche (D:10)
  9 spiny frogs
  A hellwing (Lair:8)
  7 komodo dragons
  3 red devils (Lair:8)
  A wandering mushroom (Lair:8)
  5 fire drakes
  A two-headed ogre (D:9)
  2 blue devils (Lair:8)
  Grinder (D:6)
  Prince Ribbit (D:7)
  4 trolls
  2 boulder beetles
  16 blink frogs
  A spriggan (D:7)
  The ghost of kraktruk the Thaumaturge, an average DECj (D:4)
  2 basilisks (Lair:8)
  3 wyverns
  9 hippogriffs
  Eustachio (Orc:1)
  54 yaks
  2 hungry ghosts
  8 wargs
  9 wolves
  Menkaure (D:6)
  20 water moccasins
  6 swamp worms (Lair:3)
  7 porcupines
  A slave (D:6)
  A black bear (D:10)
  19 ice beasts
  34 orc warriors
  10 ogres
  3 phantoms
  4 sky beasts
  8 spiders (Lair:6)
  17 crocodiles
  A big kobold (D:8)
  Sigmund (D:2)
  4 boring beetles
  6 centaurs
  Blork the orc (D:7)
  5 jellies
  19 giant frogs
  2 scorpions
  9 killer bees (D:10)
  6 goliath beetles
  A giant frog zombie (D:8)
  13 hounds
  An electric eel (Lair:3)
  Dowan (D:5)
  6 crimson imps
  A giant frog skeleton (D:10)
  Crazy Yiuf (D:6)
  3 centaur skeletons
  19 orc priests
  9 worker ants
  9 iguanas
  33 orc wizards
  60 sheep
  Ijyb (D:5)
  Jessica (D:2)
  2 hound zombies (D:8)
  A worker ant zombie (D:6)
  Robin (D:2)
  30 adders
  43 river rats
  A shadow imp (D:7)
  7 worms
  5 oozes
  173 orcs
  3 ball pythons
  A bat skeleton (D:5)
  6 giant cockroaches
  29 goblins
  21 hobgoblins
  12 jackals
  18 quokkas
  21 bats
  6 giant geckos
  6 giant newts
  18 kobolds
  19 rats
  7 fungi
  3 plants
988 creatures vanquished.

Vanquished Creatures (others)
  An orc (Orc:2)
  54 fungi
  37 plants
92 creatures vanquished.

Grand Total: 1080 creatures vanquished

Notes
Turn   | Place    | Note
--------------------------------------------------------------
     0 | D:1      | schauveau, the Gargoyle Earth Elementalist, began the quest for the Orb.
     0 | D:1      | Reached XP level 1. HP: 10/10 MP: 3/3
   537 | D:2      | Reached skill level 4 in Earth Magic
   537 | D:2      | Reached XP level 2. HP: 15/15 MP: 2/4
  1470 | D:3      | Reached XP level 3. HP: 19/19 MP: 4/6
  1505 | D:3      | Learned a level 1 spell: Flame Tongue
  1980 | D:2      | Reached skill level 1 in Conjurations
  2003 | D:2      | Noticed Sigmund
  2116 | D:3      | Reached skill level 1 in Fire Magic
  2116 | D:3      | Reached skill level 5 in Earth Magic
  2116 | D:3      | Reached XP level 4. HP: 22/24 MP: 1/8
  2403 | D:2      | Noticed Jessica
  2410 | D:2      | Killed Jessica
  2410 | D:2      | Reached XP level 5. HP: 14/28 MP: 5/10
  2752 | D:2      | Learned a level 3 spell: Stone Arrow
  2819 | D:2      | Killed Sigmund
  2819 | D:2      | Reached skill level 6 in Earth Magic
  2819 | D:2      | Reached XP level 6. HP: 14/32 MP: 0/12
  3153 | D:2      | Noticed Robin
  3490 | D:2      | Killed Robin
  3811 | D:3      | Learned a level 5 spell: Lee's Rapid Deconstruction
  3966 | D:5      | Entered Level 5 of the Dungeon
  4050 | D:4      | Found a deep blue altar of Sif Muna.
  4108 | D:4      | Reached XP level 7. HP: 36/36 MP: 0/15
  4409 | D:4      | Noticed an ogre
  4645 | D:4      | Reached skill level 7 in Earth Magic
  4724 | D:4      | Found an ancient bone altar of Kikubaaqudgha.
  4724 | D:4      | Noticed kraktruk's ghost (average DECj)
  5051 | D:5      | Noticed Duvessa
  5096 | D:5      | Noticed Dowan
  5485 | D:5      | Found a snail-covered altar of Cheibriados.
  5569 | D:5      | Found a shattered altar of Ashenzari.
  5654 | D:6      | Noticed Ijyb
  5771 | D:5      | Killed Ijyb
  5876 | D:6      | Noticed Grinder
  6024 | D:6      | Killed Grinder
  6024 | D:6      | Reached XP level 8. HP: 37/41 MP: 4/18
  6284 | D:7      | Noticed Menkaure
  6314 | D:6      | Reached skill level 8 in Earth Magic
  6507 | D:6      | Found a staircase to the Ecumenical Temple.
  6519 | Temple   | Entered the Ecumenical Temple
  6575 | Temple   | Became a worshipper of Vehumet
  6823 | D:6      | Found a glowing silver altar of Zin.
  7506 | D:6      | Noticed a yak
  7507 | D:6      | Noticed a yak
  8254 | D:6      | Reached skill level 5 in Conjurations
  8254 | D:6      | Reached skill level 9 in Earth Magic
  8277 | D:6      | Noticed Crazy Yiuf
  8281 | D:6      | Killed Crazy Yiuf
  8325 | D:6      | Killed Menkaure
  8464 | D:6      | Noticed a wyvern
  8468 | D:6      | Killed a wyvern
  8468 | D:6      | Reached XP level 9. HP: 45/45 MP: 5/20
  8573 | D:6      | Killed a yak
  8573 | D:6      | Reached skill level 5 in Spellcasting
  8581 | D:6      | Killed a yak
  8581 | D:6      | Reached skill level 5 in Fire Magic
  8957 | D:6      | Reached skill level 10 in Earth Magic
  8974 | D:6      | Learned a level 4 spell: Sticky Flame
  8986 | D:6      | Noticed Pikel
  8999 | D:6      | Killed Pikel
  9640 | D:5      | Acquired Vehumet's first power
  9640 | D:5      | Offered knowledge of Sting by Vehumet.
  9687 | D:5      | Killed Dowan
 10231 | D:4      | Killed kraktruk's ghost
 10231 | D:4      | Reached skill level 11 in Earth Magic
 10507 | D:7      | Reached XP level 10. HP: 50/50 MP: 19/23
 11272 | D:7      | Noticed Prince Ribbit
 11753 | D:7      | Killed Prince Ribbit
 11788 | D:7      | Noticed Blork the orc
 11814 | D:7      | Killed Blork the orc
 11814 | D:7      | Offered knowledge of Throw Frost by Vehumet.
 12583 | D:8      | Offered knowledge of Static Discharge by Vehumet.
 12874 | D:8      | Acquired Vehumet's second power
 13453 | D:9      | Reached skill level 12 in Earth Magic
 13500 | D:9      | Offered knowledge of Airstrike by Vehumet.
 13643 | D:9      | Reached XP level 11. HP: 45/54 MP: 19/26
 13727 | D:9      | Found a basalt altar of Yredelemnul.
 13727 | D:9      | Found an iron altar of Okawaru.
 13942 | D:9      | Gained mutation: Your body is slowly deteriorating. [potion of mutation]
 13942 | D:9      | Gained mutation: You can spit poison. [potion of mutation]
 13942 | D:9      | Gained mutation: Potions and wands are less effective at restoring your health. [potion of mutation]
 13943 | D:9      | Lost mutation: Your body is slowly deteriorating. [potion of cure mutation]
 13943 | D:9      | Lost mutation: You can spit poison. [potion of cure mutation]
 13943 | D:9      | Lost mutation: Potions and wands are less effective at restoring your health. [potion of cure mutation]
 14060 | D:10     | Entered Level 10 of the Dungeon
 14588 | D:10     | Found a staircase to the Lair.
 14598 | D:10     | Acquired Vehumet's third power
 14664 | D:10     | Offered knowledge of Bolt of Magma by Vehumet.
 14692 | D:9      | Learned a level 5 spell: Bolt of Magma
 15292 | D:10     | Noticed Psyche
 15296 | D:10     | Killed Psyche
 15688 | D:10     | Noticed Erolcha
 15697 | D:10     | Killed Erolcha
 15993 | D:10     | Offered knowledge of Venom Bolt by Vehumet.
 16043 | D:10     | Noticed an unseen horror
 16047 | D:10     | Killed an unseen horror
 16598 | D:10     | Found a staircase to the Orcish Mines.
 16748 | Lair:1   | Entered Level 1 of the Lair of Beasts
 16811 | Lair:1   | Learned a level 3 spell: Conjure Flame
 16841 | Lair:2   | Found a frozen archway.
 17018 | IceCv    | Entered an ice cave
 17036 | IceCv    | Reached XP level 12. HP: 43/59 MP: 24/28
 17121 | IceCv    | Noticed an ice statue
 17121 | IceCv    | Noticed an ice statue
 17121 | IceCv    | Noticed an ice statue
 17124 | IceCv    | Killed an ice statue
 17124 | IceCv    | Reached skill level 10 in Fire Magic
 17464 | IceCv    | Killed an ice statue
 17464 | IceCv    | Reached skill level 13 in Earth Magic
 17667 | IceCv    | Killed an ice statue
 18540 | Lair:1   | Reached skill level 1 in Fighting
 18993 | Lair:2   | Reached skill level 1 in Maces & Flails
 19356 | Lair:2   | Noticed a seven-headed hydra
 19370 | Lair:2   | Killed a seven-headed hydra
 19370 | Lair:2   | Reached skill level 1 in Evocations
 19995 | Lair:3   | Noticed Snorg
 20415 | Lair:2   | Killed Snorg
 21308 | Lair:3   | Reached XP level 13. HP: 70/72 MP: 15/30
 22010 | Lair:3   | Reached skill level 5 in Fighting
 22024 | Lair:3   | Found a staircase to the Swamp.
 22323 | Lair:4   | Offered knowledge of Poisonous Cloud by Vehumet.
 23003 | Lair:2   | Learned a level 5 spell: Ignite Poison
 24043 | Lair:6   | Noticed Erica
 24056 | Lair:6   | Killed Erica
 24056 | Lair:6   | Reached skill level 5 in Maces & Flails
 24072 | Lair:6   | Got a bloodstained leather armour
 24083 | Lair:6   | Identified the +1 leather armour "Vommulu" {-Cast Regen+ MP-9 Str+5} (You found it on level 6 of the Lair of Beasts)
 24731 | Lair:5   | Offered knowledge of Lightning Bolt by Vehumet.
 25708 | Lair:6   | Found a hole to the Spider Nest.
 25858 | Lair:6   | Reached skill level 10 in Spellcasting
 26143 | Lair:6   | Reached skill level 1 in Armour
 26625 | Lair:6   | Gained mutation: Your wings are large and strong. [gargoyle growth]
 26625 | Lair:6   | Reached XP level 14. HP: 80/82 MP: 15/32
 26964 | Lair:7   | Found a staircase to the Slime Pits.
 26965 | Lair:7   | Found a viscous altar of Jiyva.
 27199 | Lair:6   | Reached skill level 14 in Earth Magic
 27431 | Lair:7   | Got a transparent blowgun
 27434 | Lair:7   | Identified the +7 blowgun of Darkness {speed, rPois rN+ Str-5 Int+7 SInv} (You found it on level 7 of the Lair of Beasts)
 27916 | Lair:8   | Entered Level 8 of the Lair of Beasts
 28002 | Lair:7   | Reached skill level 1 in Transmutations
 28448 | Lair:7   | Offered knowledge of Poison Arrow by Vehumet.
 29206 | Lair:7   | Reached skill level 5 in Evocations
 31642 | Lair:8   | Identified a scroll of acquirement
 32186 | Lair:8   | Reached XP level 15. HP: 50/90 MP: 2/33
 32771 | Lair:8   | Found a burning altar of Makhleb.
 33312 | Lair:8   | Found a gateway to Hell.
 33924 | Orc:1    | Entered Level 1 of the Orcish Mines
 34355 | Orc:1    | Noticed Eustachio
 34385 | Orc:1    | Killed Eustachio
 34968 | Orc:1    | Offered knowledge of Ozocubu's Refrigeration by Vehumet.
 36318 | Orc:4    | Entered Level 4 of the Orcish Mines
 36364 | Orc:3    | Found a burning altar of Makhleb.
 36523 | Orc:3    | Offered knowledge of Iron Shot by Vehumet.
 36633 | Orc:3    | Found a staircase to the Elven Halls.
 36777 | Orc:3    | Reached skill level 10 in Conjurations
 37093 | Orc:4    | Noticed Urug
 37117 | Orc:4    | Killed Urug
 37497 | Orc:4    | Noticed Saint Roka
 38134 | Orc:3    | HP: 3/92 [Saint Roka/divine providence (17)]
 38135 | Orc:3    | Killed from afar by Saint Roka

Action                   |  1- 3 |  4- 6 |  7- 9 | 10-12 | 13-15 || total
-------------------------+-------+-------+-------+-------+-------++-------
Melee: Unarmed           |    15 |     3 |       |       |       ||    18
       Mace              |       |     6 |     5 |       |       ||    11
       Flail             |       |       |    85 |       |       ||    85
       Dagger            |       |       |    11 |    10 |       ||    21
       Whip              |       |       |       |   156 |    90 ||   246
       Morningstar       |       |       |       |   226 |   800 ||  1026
 Fire: Greatsling        |       |       |    10 |       |       ||    10
Throw: Javelin           |       |       |    12 |     1 |       ||    13
       Tomahawk          |       |       |     2 |       |       ||     2
 Cast: Sandblast         |    65 |    99 |    68 |    36 |     6 ||   274
       Flame Tongue      |     1 |     3 |     2 |       |       ||     6
       Stone Arrow       |       |    23 |   119 |   321 |   442 ||   905
       Lee's Rapid Decon |       |       |    15 |    56 |    12 ||    83
       Sticky Flame      |       |       |     2 |     2 |   252 ||   256
       Bolt of Magma     |       |       |       |    44 |    26 ||    70
       Ignite Poison     |       |       |       |       |     3 ||     3
       Conjure Flame     |       |       |       |       |     2 ||     2
 Abil: Fly               |       |       |       |       |     1 ||     1
Evoke: Wand              |       |       |       |       |     2 ||     2
       Disc of storms    |       |       |       |       |     2 ||     2
  Use: Potion            |     1 |       |     3 |     8 |     4 ||    16
       Scroll            |     9 |       |     9 |    16 |     6 ||    40
  Eat: Chunk             |     4 |       |    13 |    29 |    50 ||    96
       Bread ration      |       |     2 |     3 |     4 |     1 ||    10
       Fruit             |       |       |     4 |       |     8 ||    12
       Pizza             |       |       |     3 |     1 |     1 ||     5
       Meat ration       |       |       |       |     4 |     1 ||     5
       Beef jerky        |       |       |       |       |     2 ||     2
